AoeStats
← NuMa | JuanMan

African Clearing

510401323Analyzed
2v2 RM · 3d ago on Sep 30, 2026· 33m 25s· 4 players
Game mode
Random Map
Map size
Medium (4 player)
Population
200
Speed
Normal
Resources
Standard
Victory
Conquest
Starting age
Dark Age
Ending age
Imperial Age
RankedLock teamsTeams togetherTeam positionsShared explorationLock speedFull tech treeHidden civsTurbo modeCheats
Victory
Defeat
🇨🇴 Khitans · Colombia
1424
+15
🇨🇴 Hindustanis · Colombia
1394
+16
🇺🇸 Danes · United States
1406
-16
🇹🇼 Saxons · Taiwan
1376
-15
meatfoot29
11:19 Loom
13:19 Feudal Age
14:32 Town Watch
18:02 Castle Age
22:00 Double-Bit Axe
27:18 Wheelbarrow
30:31 Fletching
b95303076
8:44 Loom
11:02 Feudal Age
13:28 Horse Collar
13:45 Double-Bit Axe
18:39 Wheelbarrow
18:53 Scale Barding Armor
19:15 Bloodlines
20:38 Forging
23:14 Castle Age
25:52 Pikeman
26:41 Scale Mail Armor
28:00 Squires
28:16 Chain Mail Armor
30:14 Forging
31:46 Iron Casting
31:55 Pikeman
Camo
9:27 Loom
10:11 Loom
12:49 Feudal Age
13:21 Double-Bit Axe
15:17 Forging
18:47 Scale Barding Armor
19:30 Domestication
25:09 Wheelbarrow
27:42 Castle Age
27:56 Light Cavalry
28:37 Husbandry
29:13 Iron Casting
31:42 Chain Barding Armor
32:53 Pastoralism
33:40 Hand Cart
NuMa | JuanMan
8:50 Loom
11:24 Feudal Age
12:20 Double-Bit Axe
14:21 Forging
25:17 Castle Age
24:12 Scale Barding Armor
25:03 Bloodlines
25:29 Light Cavalry
26:53 Iron Casting
26:52 Husbandry
32:48 Chain Barding Armor
Connection lost

Rejoining the realm…

Still unreachable

The connection could not be restored.

Session expired

The server has moved on; the page needs a fresh start.